 Dungeon Crawl Stone Soup version 0.28.0-47-ge53b351184 (webtiles) character file.

Game seed: 16948849813451917470

4022 Exodus22XD the Cleaver (level 10, 0/86 HPs)
             Began as a Minotaur Fighter on May 8, 2022.
             Was an Elder of Okawaru.
             Killed from afar by Erica (18 damage)
             ... with a lance of force
             ... while paralysed by Erica
             ... on level 8 of the Dungeon.
             The game lasted 00:10:38 (8391 turns).

Exodus22XD the Cleaver (Minotaur Fighter)           Turns: 8391, Time: 00:10:39

Health: 0/86       AC: 14    Str: 25    XL:     10   Next: 4%
Magic:  7/13       EV:  2    Int:  5    God:    Okawaru [****..]
Gold:   388        SH:  0    Dex: 10    Spells: 9/9 levels left

rFire   . . .      SeeInvis .   a - +0 war axe
rCold   + . .      Faith    .   c - +0 buckler
rNeg    . . .      Spirit   .   g - +0 chain mail
rPois   .          Reflect  .   (helmet restricted)
rElec   .          Harm     .   (no cloak)
rCorr   .          Rampage  .   (no gloves)
Will    .....                   f - +0 pair of boots
Stlth   ..........              (no amulet)
HPRegen 0.24/turn               b - ring of protection from cold
MPRegen 0.13/turn               (no ring)

@: paralysed, mighty, heroic, finesse-ful, slowed
A: horns 2, retaliatory headbutt
a: Renounce Religion, Heroism, Finesse


You were on level 8 of the Dungeon.
You worshipped Okawaru.
Okawaru was greatly pleased with you.
You visited 1 branch of the dungeon, and saw 8 of its levels.

You collected 388 gold pieces.

Inventory:

Hand Weapons
 a - a +0 war axe (weapon)
 u - a +4 flail of draining
Armour
 c - a +0 buckler (worn)
 f - a +0 pair of boots (worn)
 g - a +0 chain mail (worn)
Jewellery
 b - a ring of protection from cold (left hand)
 s - a ring of poison resistance
 x - an amulet of reflection
Wands
 k - a wand of iceblast (10)
 o - a wand of flame (12)
 A - a wand of polymorph (12)
 B - a wand of mindburst (16)
Scrolls
 e - a scroll of fog {unknown}
 j - a scroll of enchant weapon {unknown}
 m - a scroll of brand weapon {unknown}
 n - 5 scrolls of teleportation {unknown}
 p - 3 scrolls of identify {unknown}
 t - 2 scrolls of amnesia {unknown}
 v - a scroll of blinking {unknown}
 y - a scroll of immolation {unknown}
 z - a scroll of summoning {unknown}
Potions
 d - 2 potions of curing
 h - 2 potions of degeneration {unknown}
 i - a potion of mutation {unknown}
 l - a potion of attraction {unknown}
 q - a potion of ambrosia {unknown}
 w - 2 potions of brilliance {unknown}


   Skills:
 + Level 7.3(12.3) Fighting
 + Level 10.9(15.9) Axes
 + Level 9.0(14.0) Armour
 + Level 5.9(10.9) Shields
 * Level 6.3 Invocations


You had 9 spell levels left.
You didn't know any spells.
Your spell library was empty.

Dungeon Overview and Level Annotations

Branches:
Dungeon (8/15)             Temple (0/1) D:6
   Lair: D:8-11

Altars:
Ashenzari
Fedhas
Hepliaklqana
Kikubaaqudgha
Okawaru
Yredelemnul

Shops:
D:2 [   D:3 [

Annotations:
D:8 Erica


Innate Abilities, Weirdness & Mutations

You have a pair of horns on your head.
You reflexively headbutt those who attack you in melee.


Message History

You hit something. You closely miss the killer bee.
You feel sick.
The killer bee stings you but does no damage.
Unknown command.
You miss something. You closely miss the killer bee.
You feel sick.
You hear a zap.
Something tries to affect you, but you resist.
Unknown command.
You miss something. Your headbutt misses something. You miss the killer bee.
You block the killer bee's attack. The killer bee stings you.
* * * LOW HITPOINT WARNING * * *
Unknown command.
You miss something. You miss the killer bee.
You feel sick.
You hear some strange, mumbled words.
A bolt of poison appears from out of thin air!
The bolt of poison misses you. The killer bee misses you.
Unknown command.
You hit something. You closely miss the killer bee.
The killer bee barely misses you.
You hear a zap.
Something tries to affect you, but you resist.
Unknown command.
You barely miss something. You completely miss the killer bee.
You feel sick. You block the killer bee's attack.
Unknown command.
You hit something. You miss the killer bee.
The killer bee stings you but does no damage.
You hear a zap.
Something tries to affect you, but you resist.
Unknown command.
It was a potion of curing.
You feel better. The killer bee stings you.
* * * LOW HITPOINT WARNING * * *
The killer bee closely misses you.
You hear a zap.
You suddenly lose the ability to move!
The killer bee stings you but does no damage.
The killer bee stings you but does no damage.
You hear some strange, mumbled words.
A lance of force appears from out of thin air!
The lance of force hits you!!
You die...

+....' #....# #....###
#......# #......# ....
#......# ....
#######......# ...
#....y{@.....##'##
#....yy##'#......####
#.....y#..#......#...
#......#..'......#...
#......#..#......#..####
.......#..###....#..#...
.......#....#....#..#...
.......#....'....#..#...
######....##'#...


You could see 4 killer bees.

Vanquished Creatures
  A two-headed ogre (D:5)
  Psyche (D:8)
  Grinder (D:4)
  Sigmund (D:5)
  A wyvern (D:8)
  Menkaure (D:5)
  Edmund (D:6)
  An orc warrior (D:5)
  2 sky beasts
  A black bear (D:7)
  A centaur (D:8)
  3 ogres
  A kobold brigand (D:4)
  3 bullfrogs
  3 scorpions
  A water moccasin zombie (D:6)
  A water moccasin skeleton (D:3)
  2 howler monkeys (D:7)
  A centaur zombie (D:5)
  4 hounds
  A jelly (D:7)
  6 orc priests
  2 gnoll shamans
  2 bullfrog skeletons
  4 iguanas
  9 orc wizards
  Natasha (thrice) (D:2)
  7 gnolls
  5 adders
  A shadow imp (D:7)
  2 ufetubi
  3 worms
  3 dart slugs
  18 orcs
  3 endoplasms
  2 giant cockroaches
  2 goblins
  7 hobgoblins
  6 jackals
  2 quokkas
  3 ball pythons
  4 bats
  3 frilled lizards
  26 kobolds
  5 rats
160 creatures vanquished.

Vanquished Creatures (others)
  10 fungi (D:7)
  18 plants (D:4)
28 creatures vanquished.

Grand Total: 188 creatures vanquished

Notes
Turn   | Place    | Note
-------+----------+-------------------------------------------
     0 | D:1      | Exodus22XD the Minotaur Fighter began the quest for the
                  | Orb.
     0 | D:1      | Reached XP level 1. HP: 19/19 MP: 0/0
   415 | D:1      | Reached XP level 2. HP: 27/27 MP: 1/1
   418 | D:1      | Found a faded altar of an unknown god.
   454 | D:1      | Prayed at the altar of an unknown god.
   454 | D:1      | Became a worshipper of Warmaster Okawaru
   454 | D:1      | Reached * piety under Okawaru
  1327 | D:2      | Found Juakyloibro's Antique Armour Shoppe.
  1331 | D:2      | Reached XP level 3. HP: 32/33 MP: 2/2
  1349 | D:2      | You fall into a shaft and drop 2 floors!
  1349 | D:4      | Found a basalt altar of Yredelemnul.
  1366 | D:4      | Reached skill level 3 in Axes
  1369 | D:4      | Reached skill level 1 in Invocations
  1369 | D:4      | Reached XP level 4. HP: 24/40 MP: 3/3
  1393 | D:4      | Noticed a scorpion
  1400 | D:4      | Killed a scorpion
  1401 | D:4      | Reached skill level 4 in Axes
  1401 | D:4      | Reached XP level 5. HP: 13/47 MP: 3/5
  1967 | D:2      | Noticed Natasha
  1973 | D:2      | Killed Natasha
  2188 | D:2      | Noticed Natasha
  2198 | D:2      | Killed Natasha
  2198 | D:2      | Reached ** piety under Okawaru
  2199 | D:2      | Reached XP level 6. HP: 53/53 MP: 6/6
  2273 | D:2      | Noticed Natasha
  2279 | D:2      | Killed Natasha
  2280 | D:2      | Reached skill level 5 in Axes
  2398 | D:3      | Reached skill level 5 in Armour
  2631 | D:3      | Found Fuogh's Armour Shop.
  3066 | D:3      | Found a broken altar of Ashenzari.
  3229 | D:4      | Noticed Grinder
  3230 | D:4      | Found an ancient bone altar of Kikubaaqudgha.
  3241 | D:4      | Reached skill level 6 in Axes
  3241 | D:4      | Reached XP level 7. HP: 57/60 MP: 8/8
  3252 | D:4      | Paralysed by Grinder for 6 turns
  3261 | D:4      | Paralysed by Grinder for 3 turns
  3266 | D:4      | Killed Grinder
  3267 | D:4      | Reached skill level 5 in Fighting
  3690 | D:4      | Reached skill level 7 in Axes
  4365 | D:5      | Entered Level 5 of the Dungeon
  4376 | D:5      | Reached skill level 5 in Shields
  4376 | D:5      | Reached XP level 8. HP: 49/68 MP: 9/9
  4509 | D:5      | Reached *** piety under Okawaru
  4729 | D:5      | Reached skill level 8 in Axes
  4747 | D:5      | Noticed a two-headed ogre
  4756 | D:5      | Killed a two-headed ogre
  4756 | D:5      | Reached **** piety under Okawaru
  4757 | D:5      | Reached skill level 9 in Axes
  4962 | D:5      | Reached skill level 5 in Invocations
  4962 | D:5      | Reached XP level 9. HP: 55/75 MP: 11/11
  5208 | D:5      | Noticed Menkaure
  5213 | D:5      | Killed Menkaure
  5432 | D:5      | Found a blossoming altar of Fedhas.
  5491 | D:5      | Noticed Sigmund
  5499 | D:5      | Killed Sigmund
  6128 | D:6      | Found a staircase to the Ecumenical Temple.
  6138 | D:6      | Noticed Edmund
  6149 | D:6      | Killed Edmund
  7039 | D:7      | Reached skill level 10 in Axes
  7256 | D:7      | Found a hazy altar of Hepliaklqana.
  7310 | D:7      | Reached ***** piety under Okawaru
  8101 | D:8      | Noticed Psyche
  8115 | D:8      | Killed Psyche
  8115 | D:8      | Received a gift from Okawaru
  8116 | D:8      | Reached XP level 10. HP: 67/86 MP: 11/13
  8369 | D:8      | Noticed Erica
  8390 | D:8      | Paralysed by something for 4 turns
  8391 | D:8      | Killed from afar by Erica

Illustrated notes

Levels and vault maps discovered:
D:1:      wander_arrival_desolate, layout_basic, serial_co_window_serial,
          co_window_paths_b, co_window_paths_b, co_window_corner_a,
          co_window_paths_a, co_window_corner_a, co_window_paths_a,
          co_window_corner_a, co_window_corner_cb, co_window_of_opportunity_b,
          co_window_corner_b, co_window_paths_e, co_window_paths_d,
          glass_columns_a, glass_columns_a, glass_columns_b, glass_columns_a,
          glass_columns_a, hellmonk_ecumenical_altar_dog_temple
D:2:      layout_loops_ring, serial_shops,
          nicolae_shop_temple_entry_statues_fountains, skrybe_limestone_x,
          uniq_natasha
D:3:      layout_loops_corners, nicolae_ashenzari_skybound, serial_shops,
          nicolae_shop_window_shopping
D:4:      kennysheep_kobold_camp, layout_cave_pools, mainiacjoe_overflow_paths,
          lemuel_doored_altar, uniq_grinder
D:5:      layout_gridville, nicolae_overflow_crystal_walls, uniq_sigmund,
          uniq_menkaure
D:6:      layout_basic, temple_doors_e, uniq_edmund
D:7:      layout_basic, mainiacjoe_overflow_cross_hatched,
          hangedman_decor_slide_cut, mrwooster_statue_mirror
D:8:      layout_gridville, okawaru_gym_becter, uniq_joseph, uniq_psyche,
          uniq_erica

Skill      XL: |  1  2  3  4  5  6  7  8  9 |
---------------+----------------------------+-----
Shields        | 4 5 |  5.9
Armour         | 4 5 6 7 9 |  9.0
Fighting       | 4 5 6 7 |  7.3
Axes           | 3 4 6 7 9 10 | 10.9
Invocations    | 1 2 3 5 6 |  6.3

Action                   |  1- 3 |  4- 6 |  7- 9 | 10-12 || total
-------------------------+-------+-------+-------+-------++-------
Melee: War axe           |    58 |    85 |   274 |    17 ||   434
       Headbutt          |     7 |    14 |    59 |     2 ||    82
Invok: Heroism           |       |     1 |     3 |     1 ||     5
       Finesse           |       |       |       |     1 ||     1
  Use: Potion            |       |     1 |       |     2 ||     3
Armor: Chain mail        |    38 |    52 |   144 |    15 ||   249
Dodge: Dodged            |    14 |    35 |    90 |     8 ||   147
Block: Buckler           |    17 |    18 |    47 |     8 ||    90
